| TOP OF THE 1ST |
|
University of Illinois Fighting Illini batting - Pitching for Oklahoma State University Cowboys : LHP Josh Bologna
|
|
Pitching: LHP Josh Bologna
|
|
|
Batting: RHB Nick Lombardo
|
0-0: Ground out 6-3 (Groundball, 6, EV 83.8 MPH)
|
|
Batting: RHB Justin Teague
|
0-0: Swinging Strike 0-1: Called Strike 0-2: Ball 1-2: SOLO HOME RUN (Flyball, 78XD, EV 115.6 MPH), Distance : 449 ft
|
|
Batting: RHB Eric Brandenburg
|
0-0: Called Strike 0-1: Ball 1-1: Ball 2-1: Swinging Strike 2-2: Reached on error, E4 (Groundball, 4, EV 107.5 MPH)
|
|
Batting: SHB Matt Urbani
|
0-0: Ball 1-0: Foul Ball, location: 2F 1-1: Called Strike 1-2: Fielders Choice at 2nd, 2-4 (Groundball, 15S, EV 65.0 MPH)
|
|
Batting: LHB George Roben
|
0-0: Fly out, F6 (Popup, 6MD, EV 50.6 MPH)
|
| Top of the 1st over - 1 run, 1 hit, 1 error, 1 left on base; University of Illinois 1 - Oklahoma State University 0 |
| BOTTOM OF THE 1ST |
|
Oklahoma State University Cowboys batting - Pitching for University of Illinois Fighting Illini : RHP Cesar Pulido
|
|
Pitching: RHP Cesar Pulido
|
|
|
Batting: RHB Josh Hopp
|
0-0: Ball 1-0: Called Strike 1-1: Ball 2-1: Ball 3-1: Swinging Strike 3-2: Strikes out looking
|
|
Batting: LHB Orlando Rivera
|
0-0: Called Strike 0-1: Foul Ball, location: 2F 0-2: Ball 1-2: Strikes out swinging
|
|
Batting: RHB Kinzo Yokoyama
|
0-0: Called Strike 0-1: Swinging Strike 0-2: Foul Ball, location: 2F 0-2: Ball 1-2: Fly out, F7 (Flyball, 78S, EV 87.5 MPH)
|
| Bottom of the 1st over - 0 runs, 0 hits, 0 errors, 0 left on base; University of Illinois 1 - Oklahoma State University 0 |
| TOP OF THE 2ND |
|
University of Illinois Fighting Illini batting - Pitching for Oklahoma State University Cowboys : LHP Josh Bologna
|
|
Batting: RHB Vinny Torres
|
0-0: Ball 1-0: Foul Ball, location: 2F 1-1: Swinging Strike 1-2: Ball 2-2: Strikes out swinging
|
|
Batting: RHB Tim Jobe
|
0-0: Ball 1-0: Ground out 6-3 (Groundball, 6, EV 102.5 MPH)
|
|
Batting: RHB Nick Delisle
|
0-0: Ground out 6-3 (Groundball, 6, EV 85.0 MPH)
|
| Top of the 2nd over - 0 runs, 0 hits, 0 errors, 0 left on base; University of Illinois 1 - Oklahoma State University 0 |
| BOTTOM OF THE 2ND |
|
Oklahoma State University Cowboys batting - Pitching for University of Illinois Fighting Illini : RHP Cesar Pulido
|
|
Batting: LHB John Fortin
|
0-0: Foul Ball, location: 2F 0-1: Ball 1-1: Ball 2-1: Ball 3-1: Called Strike 3-2: SINGLE (Flyball, 9LS, EV 95.0 MPH) - OUT at second base trying to stretch hit.
|
|
Batting: RHB Wiliama Dana
|
0-0: Ball 1-0: Ball 2-0: Foul Ball, location: 2F 2-1: Ball 3-1: Foul Ball, location: 2F 3-2: Foul Ball, location: 2F 3-2: Foul Ball, location: 2F 3-2: Strikes out swinging
|
|
Batting: SHB Chris Wagler
|
0-0: Foul Ball, location: 2F 0-1: Called Strike 0-2: Foul Ball, location: 2F 0-2: Ball 1-2: Ground out 6-3 (Groundball, 6M, EV 100.0 MPH)
|
| Bottom of the 2nd over - 0 runs, 1 hit, 0 errors, 0 left on base; University of Illinois 1 - Oklahoma State University 0 |
| TOP OF THE 3RD |
|
University of Illinois Fighting Illini batting - Pitching for Oklahoma State University Cowboys : LHP Josh Bologna
|
|
Batting: RHB Raul Franco
|
0-0: Fly out, F8 (Flyball, 8LS, EV 90.6 MPH)
|
|
Batting: RHB Nick Lombardo
|
0-0: Ground out U3 (Groundball, 34, EV 106.2 MPH)
|
|
Batting: RHB Justin Teague
|
0-0: Called Strike 0-1: Ball 1-1: Foul Ball, location: 2F 1-2: Ball 2-2: Foul Ball, location: 2F 2-2: Ball 3-2: Ground out 4-3 (Groundball, 4D, EV 81.2 MPH)
|
| Top of the 3rd over - 0 runs, 0 hits, 0 errors, 0 left on base; University of Illinois 1 - Oklahoma State University 0 |
| BOTTOM OF THE 3RD |
|
Oklahoma State University Cowboys batting - Pitching for University of Illinois Fighting Illini : RHP Cesar Pulido
|
|
Batting: RHB Ed Santibanez
|
0-0: Ball 1-0: Ball 2-0: Ball 3-0: Called Strike 3-1: Fly out, F8 (Flyball, 89D, EV 85.0 MPH)
|
|
Batting: RHB Larry Clark
|
0-0: Called Strike 0-1: Called Strike 0-2: Ball 1-2: Strikes out looking
|
|
Batting: LHB Ed Talamantes
|
0-0: Ball 1-0: Ball 2-0: Ball 3-0: Called Strike 3-1: Swinging Strike 3-2: Base on Balls
|
|
Batting: RHB Josh Hopp
|
0-0: Ball 1-0: Ball 2-0: Ball 3-0: Base on Balls Ed Talamantes to second
|
|
Batting: LHB Orlando Rivera
|
0-0: Foul Ball, location: 2F 0-1: Ball 1-1: Called Strike 1-2: SINGLE (Flyball, 8LS, EV 90.0 MPH) Ed Talamantes to third Josh Hopp to second Runner from 3rd tries for Home, SAFE, throw by CF to home Josh Hopp to third Orlando Rivera to second
|
|
Batting: RHB Kinzo Yokoyama
|
0-0: Swinging Strike 0-1: Foul Ball, location: 2F 0-2: Ball 1-2: Strikes out swinging
|
| Bottom of the 3rd over - 1 run, 1 hit, 0 errors, 2 left on base; University of Illinois 1 - Oklahoma State University 1 |
| TOP OF THE 4TH |
|
University of Illinois Fighting Illini batting - Pitching for Oklahoma State University Cowboys : LHP Josh Bologna
|
|
Batting: RHB Eric Brandenburg
|
0-0: Called Strike 0-1: Ball 1-1: Foul Ball, location: 2F 1-2: Strikes out swinging
|
|
Batting: SHB Matt Urbani
|
0-0: Ball 1-0: Swinging Strike 1-1: Swinging Strike 1-2: Fly out, F9 (Flyball, 89D, EV 107.5 MPH)
|
|
Batting: LHB George Roben
|
0-0: Foul Ball, location: 2F 0-1: Fly out, F9 (Line Drive, 9, EV 94.4 MPH)
|
| Top of the 4th over - 0 runs, 0 hits, 0 errors, 0 left on base; University of Illinois 1 - Oklahoma State University 1 |
| BOTTOM OF THE 4TH |
|
Oklahoma State University Cowboys batting - Pitching for University of Illinois Fighting Illini : RHP Cesar Pulido
|
|
Batting: LHB John Fortin
|
0-0: Ball 1-0: Ball 2-0: Foul Ball, location: 2F 2-1: SINGLE (Line Drive, 8RM, EV 110.0 MPH)
|
|
Batting: RHB Wiliama Dana
|
0-0: Ball 1-0: SINGLE (Line Drive, 4MD, EV 95.6 MPH) John Fortin to second
|
|
Batting: SHB Chris Wagler
|
0-0: Ball 1-0: Ball 2-0: Ball 3-0: Base on Balls John Fortin to third Wiliama Dana to second
|
|
Batting: RHB Ed Santibanez
|
0-0: SINGLE (Groundball, 4D, EV 106.2 MPH) John Fortin scores Wiliama Dana to third Chris Wagler to second
|
|
Batting: RHB Larry Clark
|
0-0: Ball 1-0: Foul Ball, location: 2F 1-1: Fielders Choice at 2nd, 4-6 (Groundball, 4, EV 108.8 MPH) Wiliama Dana scores Chris Wagler to third
|
|
Batting: LHB Ed Talamantes
|
0-0: Ball 1-0: Foul Ball, location: 2F 1-1: Ball 2-1: Foul Ball, location: 2F 2-2: Ball 3-2: Grounds into double play, 5-4-3 (Groundball, 56, EV 82.5 MPH)
|
| Bottom of the 4th over - 2 runs, 3 hits, 0 errors, 1 left on base; University of Illinois 1 - Oklahoma State University 3 |
| TOP OF THE 5TH |
|
University of Illinois Fighting Illini batting - Pitching for Oklahoma State University Cowboys : LHP Josh Bologna
|
|
Batting: RHB Vinny Torres
|
0-0: DOUBLE (Line Drive, 7LD, EV 105.6 MPH)
|
|
Batting: RHB Tim Jobe
|
0-0: Called Strike 0-1: Foul Ball, location: 2F 0-2: Ball 1-2: Strikes out swinging
|
|
Batting: RHB Nick Delisle
|
0-0: Ball 1-0: DOUBLE (Flyball, 8LD, EV 96.2 MPH) Vinny Torres scores
|
|
Batting: RHB Raul Franco
|
0-0: Called Strike 0-1: Called Strike 0-2: Fly out, F8 (Flyball, 8LD, EV 100.6 MPH)
|
|
Batting: RHB Nick Lombardo
|
0-0: Ball 1-0: Ball 2-0: Ball 3-0: Base on Balls
|
|
Batting: RHB Justin Teague
|
0-0: Called Strike 0-1: Foul Ball, location: 2F 0-2: Ball 1-2: SINGLE (Flyball, 3D, EV 95.6 MPH) Nick Delisle to third Nick Lombardo to second Runner from 3rd tries for Home, SAFE, throw by RF to home
|
|
Batting: RHB Eric Brandenburg
|
0-0: Called Strike 0-1: SINGLE (Line Drive, 7LS, EV 110.0 MPH) Nick Lombardo to third Justin Teague to second
|
|
Batting: SHB Matt Urbani
|
0-0: Ball 1-0: Foul Ball, location: 2F 1-1: Foul Ball, location: 2F 1-2: Strikes out swinging
|
| Top of the 5th over - 2 runs, 4 hits, 0 errors, 3 left on base; University of Illinois 3 - Oklahoma State University 3 |
| BOTTOM OF THE 5TH |
|
Oklahoma State University Cowboys batting - Pitching for University of Illinois Fighting Illini : RHP Cesar Pulido
|
|
Pitching: RHP Lazaro Ramirez
|
|
|
Batting: RHB Josh Hopp
|
0-0: Ball 1-0: Ball 2-0: Foul Ball, location: 2F 2-1: Called Strike 2-2: Ball 3-2: Base on Balls
|
|
Batting: LHB Orlando Rivera
|
0-0: Called Strike 0-1: Swinging Strike 0-2: Ball 1-2: Strikes out looking
|
|
Batting: RHB Kinzo Yokoyama
|
0-0: Ball 1-0: Fly out, F4 (Popup, 4M, EV 76.9 MPH)
|
|
Batting: LHB John Fortin
|
0-0: Called Strike Josh Hopp steals 2nd base 0-1: Ball 1-1: Swinging Strike 1-2: Ball 2-2: Ball 3-2: Foul Ball, location: 2F 3-2: Base on Balls
|
|
Pitching: RHP Lazaro Vasquez
|
|
|
Batting: RHB Wiliama Dana
|
0-0: Ball 1-0: Called Strike 1-1: Ball Wild Pitch! Josh Hopp to third John Fortin to second 2-1: Fly out, F9 (Flyball, 9, EV 90.0 MPH)
|
| Bottom of the 5th over - 0 runs, 0 hits, 0 errors, 2 left on base; University of Illinois 3 - Oklahoma State University 3 |
| TOP OF THE 6TH |
|
University of Illinois Fighting Illini batting - Pitching for Oklahoma State University Cowboys : LHP Josh Bologna
|
|
Batting: LHB George Roben
|
0-0: Fly out, F7 (Flyball, 7, EV 75.6 MPH)
|
|
Batting: RHB Vinny Torres
|
0-0: Ball 1-0: Called Strike 1-1: Ground out 4-3 (Groundball, 4MS, EV 68.1 MPH)
|
|
Batting: RHB Tim Jobe
|
0-0: Fly out, F2 (Popup, 25F, EV 77.5 MPH)
|
| Top of the 6th over - 0 runs, 0 hits, 0 errors, 0 left on base; University of Illinois 3 - Oklahoma State University 3 |
| BOTTOM OF THE 6TH |
|
Oklahoma State University Cowboys batting - Pitching for University of Illinois Fighting Illini : RHP Lazaro Vasquez
|
|
Batting: SHB Chris Wagler
|
0-0: Called Strike 0-1: Foul Ball, location: 2F 0-2: SINGLE (Groundball, 4MD, EV 100.0 MPH)
|
|
Batting: RHB Ed Santibanez
|
0-0: Ball 1-0: Called Strike 1-1: Ball 2-1: SINGLE (Groundball, 5D, EV 103.1 MPH) Chris Wagler to second
|
|
Batting: RHB Larry Clark
|
0-0: Ball 1-0: Ball 2-0: Sac Bunt to 3S - play at first, batter OUT! 3-4 Chris Wagler to third Ed Santibanez to second
|
|
Batting: LHB Ed Talamantes
|
0-0: Ball 1-0: Foul Ball, location: 2F 1-1: Foul Ball, location: 2F 1-2: Ball 2-2: DOUBLE (Groundball, 5D, EV 107.5 MPH) Chris Wagler scores Ed Santibanez scores
|
|
Pitching: RHP Leon Gadsden
|
|
|
Batting: RHB Josh Hopp
|
0-0: Ball 1-0: Ball 2-0: Ball 3-0: Foul Ball, location: 2F 3-1: Called Strike 3-2: Base on Balls
|
|
Batting: LHB Orlando Rivera
|
0-0: Ball 1-0: Ball 2-0: Foul Ball, location: 2F 2-1: Swinging Strike 2-2: Ball 3-2: Strikes out swinging
|
|
Batting: RHB Kinzo Yokoyama
|
0-0: Called Strike 0-1: Called Strike 0-2: Ball 1-2: Strikes out swinging
|
| Bottom of the 6th over - 2 runs, 3 hits, 0 errors, 2 left on base; University of Illinois 3 - Oklahoma State University 5 |
| TOP OF THE 7TH |
|
University of Illinois Fighting Illini batting - Pitching for Oklahoma State University Cowboys : LHP Josh Bologna
|
|
Batting: RHB Nick Delisle
|
0-0: Ball 1-0: Ground out 5-3 (Groundball, 5S, EV 87.5 MPH)
|
|
Batting: RHB Raul Franco
|
0-0: Ball 1-0: Fly out, F7 (Line Drive, 7, EV 97.5 MPH)
|
|
Batting: RHB Nick Lombardo
|
0-0: Called Strike 0-1: Reached on error, E3 (Flyball, 3D, EV 93.1 MPH)
|
|
Pitching: RHP Rickey DuMire
|
|
|
Batting: RHB Justin Teague
|
0-0: Foul Ball, location: 2F 0-1: Foul Ball, location: 2F 0-2: Ball 1-2: 2-RUN HOME RUN (Flyball, 78XD, EV 115.6 MPH), Distance : 445 ft
|
|
Batting: RHB Eric Brandenburg
|
0-0: Called Strike 0-1: SINGLE (Line Drive, 78S, EV 88.8 MPH)
|
|
Batting: SHB Matt Urbani
|
0-0: Ball 1-0: Foul Ball, location: 2F 1-1: Foul Ball, location: 2F 1-2: Strikes out swinging
|
| Top of the 7th over - 2 runs, 2 hits, 1 error, 1 left on base; University of Illinois 5 - Oklahoma State University 5 |
| BOTTOM OF THE 7TH |
|
Oklahoma State University Cowboys batting - Pitching for University of Illinois Fighting Illini : RHP Leon Gadsden
|
|
Pitching: RHP Kyle Storey
|
|
|
Batting: LHB John Fortin
|
0-0: Ball 1-0: Foul Ball, location: 2F 1-1: Swinging Strike 1-2: Strikes out swinging
|
|
Batting: RHB Wiliama Dana
|
0-0: Ball 1-0: SINGLE (Flyball, 3D, EV 98.8 MPH)
|
|
Batting: SHB Chris Wagler
|
0-0: SINGLE (Line Drive, 9S, EV 90.6 MPH) Wiliama Dana to second Runner from 2nd tries for 3rd, OUT! 9-5
|
|
Batting: RHB Ed Santibanez
|
0-0: Ball 1-0: Called Strike 1-1: Foul Ball, location: 2F 1-2: SINGLE (Line Drive, 89S, EV 107.5 MPH) Chris Wagler to second
|
|
Batting: RHB Larry Clark
|
0-0: Ball 1-0: Ground out U3 (Groundball, 34, EV 87.5 MPH)
|
| Bottom of the 7th over - 0 runs, 3 hits, 0 errors, 2 left on base; University of Illinois 5 - Oklahoma State University 5 |
| TOP OF THE 8TH |
|
University of Illinois Fighting Illini batting - Pitching for Oklahoma State University Cowboys : RHP Rickey DuMire
|
|
Batting: LHB George Roben
|
0-0: Ground out 4-3 (Groundball, 34, EV 85.0 MPH)
|
|
Batting: RHB Vinny Torres
|
0-0: Ball 1-0: Ball 2-0: Foul Ball, location: 2F 2-1: Foul Ball, location: 2F 2-2: Ball 3-2: Strikes out swinging
|
|
Batting: RHB Tim Jobe
|
0-0: Fly out, F9 (Flyball, 89S, EV 83.1 MPH)
|
| Top of the 8th over - 0 runs, 0 hits, 0 errors, 0 left on base; University of Illinois 5 - Oklahoma State University 5 |
| BOTTOM OF THE 8TH |
|
Oklahoma State University Cowboys batting - Pitching for University of Illinois Fighting Illini : RHP Kyle Storey
|
|
Pitching: LHP Richard Davies
|
|
|
Batting: LHB Ed Talamantes
|
0-0: Ball 1-0: Ball 2-0: Ball 3-0: Called Strike 3-1: Base on Balls
|
|
Batting: RHB Josh Hopp
|
0-0: Ball 1-0: Ball 2-0: Sac Bunt to 25 - play at second, runner safe!
|
|
Batting: LHB Orlando Rivera
|
0-0: Sac Bunt to 2L - play at third, runner OUT! 2-6 Josh Hopp to second
|
|
Batting: RHB Kinzo Yokoyama
|
0-0: Ball 1-0: Ball 2-0: Ball 3-0: Called Strike 3-1: Base on Balls Josh Hopp to third Orlando Rivera to second
|
|
Batting: LHB John Fortin
|
0-0: Called Strike 0-1: Ball 1-1: Called Strike 1-2: Foul Ball, location: 2F 1-2: Strikes out swinging
|
|
Pitching: RHP Victor Cisneros
|
|
|
Batting: RHB Wiliama Dana
|
0-0: Swinging Strike 0-1: Foul Ball, location: 2F 0-2: Foul Ball, location: 2F 0-2: Foul Ball, location: 2F 0-2: Ball 1-2: Strikes out swinging
|
| Bottom of the 8th over - 0 runs, 0 hits, 0 errors, 3 left on base; University of Illinois 5 - Oklahoma State University 5 |
| TOP OF THE 9TH |
|
University of Illinois Fighting Illini batting - Pitching for Oklahoma State University Cowboys : RHP Rickey DuMire
|
|
Pitching: LHP Fadeuka Aleev
|
|
|
Batting: RHB Nick Delisle
|
0-0: Ball 1-0: Called Strike 1-1: Ground out 1-3 (Groundball, 13, EV 68.8 MPH)
|
|
Batting: RHB Raul Franco
|
0-0: Called Strike 0-1: Foul Ball, location: 2F 0-2: Ball 1-2: Ball 2-2: Strikes out swinging
|
|
Batting: RHB Nick Lombardo
|
0-0: Swinging Strike 0-1: Swinging Strike 0-2: Ball 1-2: Strikes out looking
|
| Top of the 9th over - 0 runs, 0 hits, 0 errors, 0 left on base; University of Illinois 5 - Oklahoma State University 5 |
| BOTTOM OF THE 9TH |
|
Oklahoma State University Cowboys batting - Pitching for University of Illinois Fighting Illini : RHP Victor Cisneros
|
|
Batting: SHB Chris Wagler
|
0-0: Ball 1-0: Swinging Strike 1-1: Ball 2-1: Swinging Strike 2-2: Ball 3-2: Strikes out swinging
|
|
Batting: RHB Ed Santibanez
|
0-0: Swinging Strike 0-1: Fly out, F7 (Flyball, 7D, EV 85.0 MPH)
|
|
Pinch Hitting: LHB Ian Cranton
|
0-0: SOLO HOME RUN (Flyball, 9LD, EV 96.9 MPH), Distance : 347 ft
|
| Bottom of the 9th over - 1 run, 1 hit, 0 errors, 0 left on base; University of Illinois 5 - Oklahoma State University 6 |
| |
|
Game Over ... Oklahoma State University defeats University of Illinois, 6 to 5
|
|
|